 Dungeon Crawl Stone Soup version 0.18-a0-1523-gbe15c29 (webtiles) character file.

126 GrosslyIncandescent the Insei (level 4, -2/35 HPs)
             Began as a Mummy Monk on Mar 7, 2016.
             Slain by an orc
             ... wielding a +0 war axe of chopping
              (3 damage)
             ... on level 3 of the Dungeon.
             The game lasted 00:04:16 (3454 turns).

GrosslyIncandescent the Insei (Mummy Monk)          Turns: 3454, Time: 00:04:16

Health: -2/35      AC:  0    Str: 14    XL:     4   Next: 83%
Magic:  4/4        EV: 13    Int:  9    God:
Gold:   34         SH:  0    Dex: 15    Spells: 0 memorised, 3 levels left

rFire  x . .     SeeInvis .       - Unarmed
rCold  + . .     Gourm    .     (no armour)
rNeg   + + +     Faith    .     (no shield)
rPois  ∞         Spirit   .     (no helmet)
rElec  .         Dismiss  .     (no cloak)
rCorr  .         Reflect  .     (no gloves)
SustAt .         Harm     .     (no boots)
MR     +....                    (no amulet)
Stlth  ++........               (no ring)
                                e - ring of protection from magic

@: somewhat resistant to hostile enchantments, unstealthy
A: no food or potions, fire vulnerability, cold resistance 1, negative energy
resistance 3, torment resistance, unbreathing
a: no special abilities


You were on level 3 of the Dungeon.
You were not hungry.

You visited 1 branch of the dungeon, and saw 3 of its levels.

You collected 34 gold pieces.


Innate Abilities, Weirdness & Mutations

You do not eat or drink.
Your flesh is vulnerable to fire.
You are immune to poison.
Your flesh is cold resistant.
You are immune to negative energy.
You are immune to unholy pain and torment.
You can survive without breathing.


   Skills:
 + Level 3.4 Fighting
 - Level 2.4 Dodging
 - Level 1.5 Stealth
 - Level 5.0 Unarmed Combat


You had 3 spell levels left.
You didn't know any spells.

Inventory:

Jewellery
 e - a ring of protection from magic (left hand)
Scrolls
 a - a scroll of immolation {unknown}
 b - 2 scrolls of blinking {unknown}
 c - 2 scrolls of remove curse {unknown}
 d - a scroll of random uselessness {unknown}
 f - 2 scrolls of amnesia {unknown}
 g - a scroll of enchant armour {unknown}
 h - a scroll of teleportation {unknown}

Dungeon Overview and Level Annotations

Branches:
Dungeon (3/15)

Altars:

... ▒.......▒ ▒ ...
▒▒.▒▒▒▒.▒
▒.▒▒▒▒▒▒▒▒▒▒.▒▒ ▒.▒ ▒.▒
....... ...... ▒.▒ ▒.▒
......£ .... ▒.▒ ▒.▒
...?...▒▒.▒▒▒▒▒▒ ▒.▒ ▒.▒
.......)..▒....▒ ▒.▒ ▒.▒
.£.....▒▒.▒o▒▒.▒▒▒▒▒▒.▒
▒.▒ ▒.▒▒▒▒▒
▒.▒M▒.........▒ ▒.▒
▒▒▒▒▒'▒'▒..▒▒▒▒▒▒▒▒▒▒▒.▒
▒..........▒ ▒.........▒
▒..........▒ ▒.▒▒▒▒▒▒▒▒▒
▒.......%....▒.▒▒▒▒▒▒▒▒▒
▒........▒.▒.▒.(........
+........▒.▒.▒▒▒▒▒▒▒▒▒▒▒
▒........▒.▒ .
▒........▒.. ..


You could see an orc.


Message History

There's a creature in the doorway!!!
There's a creature in the doorway!!!
There's a creature in the doorway!!!
There isn't anything here!!!
Unknown command!
There is an open door here!
There is an open door here!
You close the door!
An orc opens the door!
You close the door!
An orc opens the door!
You close the door!
An orc opens the door!
As you close the door, it creaks loudly!!!
An orc opens the door!
You close the door!
An orc opens the door!
You close the door!
An orc opens the door!
You close the door!
An orc opens the door!
You close the door!
An orc opens the door!
You close the door!
An orc opens the door!
You close the door!
An orc opens the door!
You close the door!
An orc opens the door!
You close the door!
An orc opens the door!
You close the door!
An orc opens the door!
You close the door!
An orc opens the door!
You close the door!
An orc opens the door!
You close the door!
An orc opens the door!
As you close the door, it creaks loudly!!!
There's nothing to close nearby!
You open the door!
The orc hits you with a war axe of chopping!!! * * * don't die * * * rip

Action                   |  1- 3 |  4- 6 || total
-------------------------+-------+-------++-------
Melee: Unarmed           |   166 |   105 ||   271
 Stab: Sleeping          |     5 |     1 ||     6
       Distracted        |       |     1 ||     1

Vault maps used:
D:1:      eino_arrival_cavern_e
D:2:      grunt_ministairs_4, minmay_statues_item
D:3:      grunt_temple_overflow_order_and_chaos_1,
          nicolae_overflow_hidden_temple, ecumenical_altar_1, first_bread,
          uniq_iyjb

Notes
Turn   | Place    | Note
--------------------------------------------------------------
     0 | D:1      | GrosslyIncandescent the Mummy Monk began the quest for the Orb.
     0 | D:1      | Reached XP level 1. HP: 18/18 MP: 1/1
   354 | D:1      | Reached XP level 2. HP: 24/24 MP: 2/2
   572 | D:1      | Reached skill level 4 in Unarmed Combat
   665 | D:1      | Reached XP level 3. HP: 3/29 MP: 3/3
  2017 | D:2      | Reached XP level 4. HP: 9/35 MP: 4/4
  2514 | D:2      | Reached skill level 5 in Unarmed Combat
  3394 | D:3      | HP: 1/35 [orc/war axe of chopping (3)]
  3454 | D:3      | HP: 1/35 [orc/war axe of chopping (7)]
  3454 | D:3      | Slain by an orc

Vanquished Creatures
  A gnoll (D:1)
  4 adders (D:2)
  3 worms
  2 dart slugs
  2 giant geckos
  2 orcs (D:3)
  4 giant cockroaches
  6 goblins (D:2)
  10 hobgoblins
  4 jackals (D:2)
  5 kobolds
  A quokka (D:2)
  4 ball pythons
  7 bats
  3 giant newts (D:2)
  4 rats
62 creatures vanquished.
